MID
LEXINGTON LEGENDS @ CEDAR RAPIDS KERNELS
04/30/2044
 
TOP OF THE 1ST
Lexington Legends batting - Pitching for Cedar Rapids Kernels : RHP Regan Kalinski
Pitching: RHP Regan Kalinski
Batting: RHB Danny Weisse 0-0: Ground out 2-3 (Groundball, 2R, EV 69.4 MPH)
Batting: RHB Taisei Fujii 0-0: Ball
1-0: Ball
2-0: Ball
3-0: Called Strike
3-1: Base on Balls
Batting: LHB Danny Bailey 0-0: 2-RUN HOME RUN (Flyball, 89XD, EV 110.0 MPH), Distance : 435 ft
Batting: LHB Ho-win Zhou 0-0: Swinging Strike
0-1: Called Strike
0-2: Foul Ball, location: 2F
0-2: Ball
1-2: Foul Ball, location: 2F
1-2: Ball
2-2: Ball
3-2: Strikes out swinging
Batting: RHB Yi-lin Niu 0-0: Ball
1-0: Ball
2-0: Foul Ball, location: 2F
2-1: Ground out 6-3 (Groundball, 6, EV 93.8 MPH)
Top of the 1st over - 2 runs, 1 hit, 0 errors, 0 left on base; Lexington 2 - Cedar Rapids 0
BOTTOM OF THE 1ST
Cedar Rapids Kernels batting - Pitching for Lexington Legends : LHP Joel Page
Pitching: LHP Joel Page
Batting: RHB J.J. Powers 0-0: Ball
1-0: Foul Ball, location: 2F
1-1: Ball
2-1: Ground out 3-1 (Groundball, 34S, EV 88.8 MPH)
Batting: LHB Jim Pankratz 0-0: Ball
1-0: Called Strike
1-1: Foul Ball, location: 2F
1-2: Strikes out swinging
Batting: RHB Jon Avila 0-0: Called Strike
0-1: Ball
1-1: Ball
2-1: Swinging Strike
2-2: Ball
3-2: SINGLE (Groundball, 5, EV 98.1 MPH)
Batting: SHB Shohei Fujii 0-0: Called Strike
0-1: Fly out, F1 (Popup, P, EV 81.9 MPH)
Bottom of the 1st over - 0 runs, 1 hit, 0 errors, 1 left on base; Lexington 2 - Cedar Rapids 0
TOP OF THE 2ND
Lexington Legends batting - Pitching for Cedar Rapids Kernels : RHP Regan Kalinski
Batting: LHB Robby Diaz 0-0: Foul Ball, location: 2F
0-1: Ball
1-1: Ball
2-1: Foul Ball, location: 2F
2-2: Strikes out swinging
Batting: RHB Andy Urquhart 0-0: Foul Ball, location: 2F
0-1: Hit by Pitch
Batting: RHB Justin Bonner 0-0: Foul Ball, location: 2F
0-1: Foul Ball, location: 2F
0-2: Strikes out swinging
Andy Urquhart steals 2nd base
Batter strikes out.
Batting: RHB Allen Crenshaw 0-0: Foul Ball, location: 2F
0-1: Ball
1-1: Ball
2-1: Ground out 4-3 (Groundball, 4, EV 76.3 MPH)
Top of the 2nd over - 0 runs, 0 hits, 0 errors, 1 left on base; Lexington 2 - Cedar Rapids 0
BOTTOM OF THE 2ND
Cedar Rapids Kernels batting - Pitching for Lexington Legends : LHP Joel Page
Batting: LHB Mike Handrahan 0-0: Ball
1-0: Ball
2-0: Called Strike
2-1: Called Strike
2-2: Strikes out looking
Batting: SHB Roberto Camarena 0-0: Foul Ball, location: 2F
0-1: Ball
1-1: Ball
2-1: Swinging Strike
2-2: Fly out, F8 (Flyball, 8RD, EV 83.1 MPH)
Batting: RHB Jake Wirthlin 0-0: Swinging Strike
0-1: Ball
1-1: Ball
2-1: Called Strike
2-2: Foul Ball, location: 2F
2-2: Ball
3-2: DOUBLE (Line Drive, 3D, EV 97.5 MPH)
Batting: RHB Orlando Blanco 0-0: Called Strike
0-1: Ball
1-1: Ground out U3 (Groundball, 3L, EV 110.6 MPH)
Bottom of the 2nd over - 0 runs, 1 hit, 0 errors, 1 left on base; Lexington 2 - Cedar Rapids 0
TOP OF THE 3RD
Lexington Legends batting - Pitching for Cedar Rapids Kernels : RHP Regan Kalinski
Batting: RHB Danny Weisse 0-0: Ground out 6-3 (Groundball, 6, EV 105.6 MPH)
Batting: RHB Taisei Fujii 0-0: Ball
1-0: Called Strike
1-1: Foul Ball, location: 2F
1-2: Fly out, F7 (Flyball, 78M, EV 81.3 MPH)
Batting: LHB Danny Bailey 0-0: Ball
1-0: Foul Ball, location: 2F
1-1: Ball
2-1: Ball
3-1: Called Strike
3-2: Ground out 4-3 (Groundball, 4, EV 87.5 MPH)
Top of the 3rd over - 0 runs, 0 hits, 0 errors, 0 left on base; Lexington 2 - Cedar Rapids 0
BOTTOM OF THE 3RD
Cedar Rapids Kernels batting - Pitching for Lexington Legends : LHP Joel Page
Batting: SHB Duri Chilemba 0-0: Foul Ball, location: 2F
0-1: Called Strike
0-2: Foul Ball, location: 2F
0-2: Strikes out swinging
Batting: RHB J.J. Powers 0-0: Called Strike
0-1: Ball
1-1: Called Strike
1-2: Ball
2-2: Ground out U3 (Groundball, 3, EV 85.6 MPH)
Batting: LHB Jim Pankratz 0-0: Ball
1-0: Ball
2-0: Fly out, F7 (Flyball, 7LS, EV 80.6 MPH)
Bottom of the 3rd over - 0 runs, 0 hits, 0 errors, 0 left on base; Lexington 2 - Cedar Rapids 0
TOP OF THE 4TH
Lexington Legends batting - Pitching for Cedar Rapids Kernels : RHP Regan Kalinski
Batting: LHB Ho-win Zhou 0-0: Ball
1-0: Foul Ball, location: 2F
1-1: Swinging Strike
1-2: Ball
2-2: Ball
3-2: Strikes out swinging
Batting: RHB Yi-lin Niu 0-0: Ball
1-0: Ground out 5-3 (Groundball, 56S, EV 81.3 MPH)
Batting: LHB Robby Diaz 0-0: Ball
1-0: Called Strike
1-1: Swinging Strike
1-2: Strikes out swinging
Top of the 4th over - 0 runs, 0 hits, 0 errors, 0 left on base; Lexington 2 - Cedar Rapids 0
BOTTOM OF THE 4TH
Cedar Rapids Kernels batting - Pitching for Lexington Legends : LHP Joel Page
Pitching: RHP Brian Straub
Batting: RHB Jon Avila 0-0: Ball
1-0: Ground out 4-3 (Groundball, 4, EV 88.8 MPH)
Batting: SHB Shohei Fujii 0-0: Foul Ball, location: 2F
0-1: Ball
1-1: Ball
2-1: SINGLE (Line Drive, 8RS, EV 91.9 MPH)
Batting: LHB Mike Handrahan 0-0: Ball
Shohei Fujii steals 2nd base
1-0: Foul Ball, location: 2F
1-1: Ground out 3-1 (Groundball, 34, EV 85.0 MPH)
Shohei Fujii to third
Batting: SHB Roberto Camarena 0-0: Ball
1-0: Foul Ball, location: 2F
1-1: Fly out, F3 (Line Drive, 3, EV 73.1 MPH)
Bottom of the 4th over - 0 runs, 1 hit, 0 errors, 1 left on base; Lexington 2 - Cedar Rapids 0
TOP OF THE 5TH
Lexington Legends batting - Pitching for Cedar Rapids Kernels : RHP Regan Kalinski
Batting: RHB Andy Urquhart 0-0: Ball
1-0: Called Strike
1-1: Foul Ball, location: 2F
1-2: Strikes out looking
Batting: RHB Justin Bonner 0-0: Swinging Strike
0-1: Foul Ball, location: 2F
0-2: Ball
1-2: Ball
2-2: Ground out 5-3 (Groundball, 56, EV 82.5 MPH)
Batting: RHB Allen Crenshaw 0-0: Ground out U3 (Groundball, 34, EV 86.3 MPH)
Top of the 5th over - 0 runs, 0 hits, 0 errors, 0 left on base; Lexington 2 - Cedar Rapids 0
BOTTOM OF THE 5TH
Cedar Rapids Kernels batting - Pitching for Lexington Legends : RHP Brian Straub
Batting: RHB Jake Wirthlin 0-0: Ball
1-0: Foul Ball, location: 2F
1-1: Ball
2-1: Ball
3-1: Foul Ball, location: 2F
3-2: SINGLE (Groundball, 4MD, EV 100.0 MPH)
Batting: RHB Orlando Blanco 0-0: Ball
1-0: Called Strike
1-1: TRIPLE (Flyball, 9LD, EV 104.4 MPH)
Jake Wirthlin scores
Pinch Runner at 3rd Brian Gustus:
Batting: SHB Duri Chilemba 0-0: Ball
1-0: SINGLE (Groundball, 56D, EV 100.6 MPH)
Brian Gustus scores
Batting: RHB J.J. Powers 0-0: Ball
1-0: Swinging Strike
1-1: Fielders Choice at 2nd, 1-6 (Groundball, 13S, EV 68.8 MPH)
Batting: LHB Jim Pankratz 0-0: Called Strike
0-1: Ball
J.J. Powers steals 2nd base
1-1: Called Strike
1-2: Ball
2-2: Fly out, F8 (Flyball, 8RD, EV 88.8 MPH)
Batting: RHB Jon Avila 0-0: Ball
1-0: Ground out 6-3 (Groundball, 6, EV 109.4 MPH)
Bottom of the 5th over - 2 runs, 3 hits, 0 errors, 1 left on base; Lexington 2 - Cedar Rapids 2
TOP OF THE 6TH
Lexington Legends batting - Pitching for Cedar Rapids Kernels : RHP Regan Kalinski
Now at 2B: Brian Gustus
Batting: RHB Danny Weisse 0-0: Ball
1-0: Ball
2-0: Called Strike
2-1: Ball
3-1: Called Strike
3-2: Foul Ball, location: 2F
3-2: Base on Balls
Batting: RHB Taisei Fujii 0-0: Ball
1-0: Called Strike
Danny Weisse steals 2nd base
1-1: Ball
2-1: Ground out 6-3 (Groundball, 6S, EV 66.9 MPH)
Danny Weisse to third
Batting: LHB Danny Bailey 0-0: Ball
1-0: Called Strike
1-1: Called Strike
1-2: SINGLE (Groundball, 6, EV 89.4 MPH) (infield hit)
Danny Weisse scores
Pitching: RHP Bruce Wight
Batting: LHB Ho-win Zhou 0-0: Swinging Strike
0-1: Ball
1-1: Foul Ball, location: 2F
1-2: Ball
2-2: Ball
3-2: Base on Balls
Danny Bailey to second
Batting: RHB Yi-lin Niu 0-0: Foul Ball, location: 2F
0-1: Ball
1-1: Reached on error, E6 (Groundball, 56, EV 90.6 MPH)
Danny Bailey to third
Ho-win Zhou to second
Batting: LHB Robby Diaz 0-0: Called Strike
0-1: Ball
1-1: Foul Ball, location: 2F
1-2: Foul Ball, location: 2F
1-2: Foul Ball, location: 2F
1-2: Ball
2-2: Foul Ball, location: 2F
2-2: Ball
3-2: SINGLE (Groundball, 34, EV 95.0 MPH)
Danny Bailey scores
Ho-win Zhou to third
Yi-lin Niu to second
Runner from 3rd tries for Home, throw by RF and OUT! 9-2
Batting: RHB Andy Urquhart 0-0: Ball
1-0: Fly out, F9 (Flyball, 9LM, EV 95.0 MPH)
Top of the 6th over - 2 runs, 2 hits, 1 error, 2 left on base; Lexington 4 - Cedar Rapids 2
BOTTOM OF THE 6TH
Cedar Rapids Kernels batting - Pitching for Lexington Legends : RHP Brian Straub
Batting: SHB Shohei Fujii 0-0: DOUBLE (Line Drive, 8LXD, EV 101.3 MPH)
Pitching: RHP Terry Romaine
Batting: LHB Mike Handrahan 0-0: Ground out 6-3 (Groundball, 6, EV 81.3 MPH)
Batting: SHB Roberto Camarena 0-0: Called Strike
0-1: Ball
1-1: Ground out 5-3 (Groundball, 56S, EV 70.6 MPH)
Shohei Fujii to third
Batting: RHB Jake Wirthlin 0-0: Ball
1-0: SINGLE (Groundball, 56D, EV 106.9 MPH)
Shohei Fujii scores
Batting: RHB Brian Gustus 0-0: Ball
1-0: Ground out 4-3 (Groundball, 4, EV 102.5 MPH)
Bottom of the 6th over - 1 run, 2 hits, 0 errors, 1 left on base; Lexington 4 - Cedar Rapids 3
TOP OF THE 7TH
Lexington Legends batting - Pitching for Cedar Rapids Kernels : RHP Bruce Wight
Pitching: RHP Andy Symons
Batting: RHB Justin Bonner 0-0: Ball
1-0: Ball
2-0: Ball
3-0: Called Strike
3-1: Base on Balls
Batting: RHB Allen Crenshaw 0-0: Ball
1-0: Called Strike
1-1: Swinging Strike
1-2: Ball
2-2: DOUBLE (Flyball, 8RXD, EV 97.5 MPH)
Justin Bonner to third
Runner from 3rd tries for Home, SAFE, throw by CF to trailing runner, SAFE at third!
Batting: RHB Danny Weisse 0-0: Ball
1-0: Ball
2-0: Called Strike
2-1: Called Strike
2-2: Ball
3-2: SINGLE (Groundball, 4MD, EV 96.3 MPH)
Allen Crenshaw scores
Batting: RHB Taisei Fujii 0-0: Ball
1-0: Fielders Choice at 2nd, 4-6 (Groundball, 34, EV 88.8 MPH)
Batting: LHB Danny Bailey 0-0: Ball
1-0: Swinging Strike
1-1: Foul Ball, location: 2F
1-2: Ball
2-2: Ball
3-2: Strikes out swinging
Batting: LHB Ho-win Zhou 0-0: Called Strike
0-1: Swinging Strike
0-2: SINGLE (Groundball, 34, EV 97.5 MPH)
Taisei Fujii to second
Runner from 2nd tries for 3rd, SAFE, throw by RF made to third
Batting: RHB Yi-lin Niu 0-0: Ball
1-0: Called Strike
1-1: Ball
2-1: Fielders Choice at 2nd, 5-4 (Groundball, 56, EV 82.5 MPH)
Top of the 7th over - 2 runs, 3 hits, 0 errors, 2 left on base; Lexington 6 - Cedar Rapids 3
BOTTOM OF THE 7TH
Cedar Rapids Kernels batting - Pitching for Lexington Legends : RHP Terry Romaine
Batting: SHB Duri Chilemba 0-0: Called Strike
0-1: SINGLE (Groundball, 15S, EV 68.1 MPH) (infield hit)
Batting: RHB J.J. Powers 0-0: Called Strike
0-1: Bunted foul
0-2: Ball
1-2: Ball
Wild Pitch!
Duri Chilemba to second
2-2: Foul Ball, location: 2F
2-2: Foul Ball, location: 2F
2-2: Ball
3-2: Foul Ball, location: 2F
3-2: Base on Balls
Batting: LHB Jim Pankratz 0-0: Called Strike
0-1: Swinging Strike
0-2: Ball
1-2: Strikes out swinging
Batting: RHB Jon Avila 0-0: Swinging Strike
0-1: Grounds into double play, 6-4-3 (Groundball, 6M, EV 86.9 MPH)
Bottom of the 7th over - 0 runs, 1 hit, 0 errors, 1 left on base; Lexington 6 - Cedar Rapids 3
TOP OF THE 8TH
Lexington Legends batting - Pitching for Cedar Rapids Kernels : RHP Andy Symons
Pitching: RHP Edwin Sanchez
Batting: LHB Robby Diaz 0-0: Ball
1-0: Ball
2-0: Called Strike
2-1: Foul Ball, location: 2F
2-2: Ball
3-2: Foul Ball, location: 2F
3-2: Base on Balls
Pitching: RHP Toshiyuki Kawashima
Batting: RHB Andy Urquhart 0-0: Foul Ball, location: 2F
0-1: Foul Ball, location: 2F
0-2: Foul Ball, location: 2F
0-2: Strikes out swinging
Batting: RHB Justin Bonner 0-0: Called Strike
0-1: Ball
1-1: SINGLE (Groundball, 6, EV 108.8 MPH)
Robby Diaz to second
Batting: RHB Allen Crenshaw 0-0: Ball
1-0: Ball
2-0: Ball
3-0: Called Strike
3-1: Base on Balls
Robby Diaz to third
Justin Bonner to second
Batting: RHB Danny Weisse 0-0: Ball
Wild Pitch!
Robby Diaz scores
Justin Bonner to third
Allen Crenshaw to second
1-0: Foul Ball, location: 2F
1-1: Foul Ball, location: 2F
1-2: Ball
2-2: Ball
3-2: Foul Ball, location: 2F
3-2: Strikes out swinging
Batting: RHB Taisei Fujii 0-0: Called Strike
0-1: Called Strike
0-2: Ground out 6-3 (Groundball, 6, EV 82.5 MPH)
Top of the 8th over - 1 run, 1 hit, 0 errors, 2 left on base; Lexington 7 - Cedar Rapids 3
BOTTOM OF THE 8TH
Cedar Rapids Kernels batting - Pitching for Lexington Legends : RHP Terry Romaine
Pitching: LHP Anton Erlykov
Batting: SHB Shohei Fujii 0-0: Foul Ball, location: 2F
0-1: Ball
1-1: Called Strike
1-2: Ball
2-2: Ball
3-2: Base on Balls
Batting: RHB Mike Craver 0-0: Grounds into double play, 5-4-3 (Groundball, 5, EV 89.4 MPH)
Batting: SHB Roberto Camarena 0-0: Ball
1-0: Swinging Strike
1-1: Foul Ball, location: 2F
1-2: Ball
2-2: Ball
3-2: Base on Balls
Batting: RHB Jake Wirthlin 0-0: Called Strike
0-1: Fielders Choice at 2nd, 6-4 (Groundball, 6, EV 97.5 MPH)
Bottom of the 8th over - 0 runs, 0 hits, 0 errors, 1 left on base; Lexington 7 - Cedar Rapids 3
TOP OF THE 9TH
Lexington Legends batting - Pitching for Cedar Rapids Kernels : RHP Toshiyuki Kawashima
Pitching: LHP Mark Challinor
Batting: LHB Danny Bailey 0-0: Ball
1-0: Swinging Strike
1-1: Ground out 4-3 (Groundball, 4, EV 86.3 MPH)
Batting: LHB Ho-win Zhou 0-0: Ball
1-0: Ball
2-0: SINGLE (Groundball, 4MD, EV 98.8 MPH)
Batting: RHB Yi-lin Niu 0-0: Ball
1-0: Ball
2-0: Called Strike
2-1: Foul Ball, location: 2F
2-2: Strikes out looking
Batting: LHB Robby Diaz 0-0: Called Strike
0-1: Called Strike
0-2: Strikes out swinging
Top of the 9th over - 0 runs, 1 hit, 0 errors, 1 left on base; Lexington 7 - Cedar Rapids 3
BOTTOM OF THE 9TH
Cedar Rapids Kernels batting - Pitching for Lexington Legends : LHP Anton Erlykov
Pitching: LHP Cory Musial
Batting: RHB Brian Gustus 0-0: Fly out, F5 (Line Drive, 5, EV 72.5 MPH)
Batting: SHB Duri Chilemba 0-0: Ball
1-0: Ball
2-0: Ground out 6-3 (Groundball, 6, EV 85.6 MPH)
Batting: RHB J.J. Powers 0-0: Called Strike
0-1: Foul Ball, location: 2F
0-2: Ball
1-2: Strikes out swinging
Bottom of the 9th over - 0 runs, 0 hits, 0 errors, 0 left on base; Lexington 7 - Cedar Rapids 3
Thursday, March 31st , 2022 - OOTP Baseball 22.12 Build 89